 Dungeon Crawl Stone Soup version 0.31-a0-16-g6d2539766c (webtiles) character file.

Game seed: 5480582512630970793

1666 mandoloar the Transmogrifier (level 9, -8/66 HPs)
             Began as an Octopode Transmuter on May 8, 2023.
             Was an Initiate of Cheibriados.
             Mangled by an orc warrior
             ... wielding a +0 trident
              (12 damage)
             ... on level 5 of the Dungeon.
             The game lasted 00:27:35 (10070 turns).

mandoloar the Transmogrifier (Octopode Transmuter) Turns: 10070, Time: 00:27:36

Health: -8/66      AC:  1    Str: 10    XL:     9   Next: 1%
Magic:  21/21      EV: 13    Int: 20    God:    Cheibriados [......]
Gold:   283        SH:  0    Dex: 14    Spells: 2/12 levels left

rFire   . . .        a - +2 dagger (drain)
rCold   . . .        (no shield)
rNeg    . . .        (helmet restricted)
rPois   .            (no amulet)
rElec   .            c - ring of magical power
rCorr   .            (no ring)
SInv    .            (no ring)
Will    .....        (no ring)
Stlth   ++           (no ring)
HPRegen 0.31/turn    (no ring)
MPRegen 0.17/turn    (no ring)
                     (no ring)

%: no passive effects
@: invisible, very slow
A: almost no armour, amphibious, 8 rings, camouflage 1, gelatinous body 1,
(nimble swimmer 1), tentacles
a: Renounce Religion


You were on level 5 of the Dungeon.
You worshipped Cheibriados.
Cheibriados was noncommittal.
You visited 2 branches of the dungeon, and saw 7 of its levels.

You collected 283 gold pieces.

Inventory:

Hand Weapons
 a - a +2 dagger of draining (weapon)
 b - a +0 sling of freezing
Missiles
 d - a javelin (quivered)
 h - 4 atropa-tipped darts
 j - 4 boomerangs
 l - 38 stones
 n - 2 throwing nets
Jewellery
 c - a ring of magical power (left tentacle)
 q - an amulet of regeneration
Scrolls
 i - 4 scrolls of identify
 k - 2 scrolls of teleportation
 m - 2 scrolls of poison
Potions
 e - 2 potions of invisibility
 f - 3 potions of brilliance
 g - a potion of attraction
 o - a potion of resistance
 p - a potion of curing


   Skills:
 + Level 7.9 Fighting
 - Level 2.0 Dodging
 - Level 3.0 Unarmed Combat
 - Level 2.0 Spellcasting
 + Level 8.1 Transmutations


You had 2 spell levels left.
You knew the following spells:

 Your Spells              Type           Power      Damage    Failure   Level
a - Beastly Appendage     Tmut           68%        N/A       1%          1
b - Wereblood             Tmut           34%        N/A       1%          2
c - Ice Form              Ice/Tmut       18%        N/A       30%         4
d - Spider Form           Tmut/Pois      18%        N/A       9%          3

Your spell library contained the following spells:

 Spells                   Type           Power      Damage    Failure   Level
 Apportation              Tloc           4%         N/A       16%         1
 Necrotise                Necr           8%         1d4       16%         1
 Summon Small Mammal      Summ           8%         N/A       16%         1
 Blink                    Tloc           4%         N/A       24%         2
 Lesser Beckoning         Tloc           4%         N/A       24%         2
 Momentum Strike          Conj/Tloc      4%         3d8       24%         2
 Blade Hands              Tmut           17%        N/A       16%         5
 Call Canine Familiar     Summ           2%         N/A       43%         3
 Summon Guardian Golem    Hex/Summ       2%         N/A       43%         3
 Tukima's Dance           Hex            2%         N/A       43%         3
 Irradiate                Conj/Tmut      9%         3d14      63%         5
 Yara's Violent Unravell  Hex/Tmut       9%         3d6       63%         5
 Passage of Golubria      Tloc           2%         N/A       83%         4
 Dragon Form              Tmut           17%        N/A       99%         7


Dungeon Overview and Level Annotations

Branches:
Dungeon (6/15)             Temple (1/1) D:5

Altars:
Cheibriados
Elyvilon
Hepliaklqana
Kikubaaqudgha
Nemelex Xobeh
Okawaru
Qazlal
Ru
Sif Muna
Trog
Vehumet
Wu Jian
Xom
Yredelemnul
Zin

Shops:
D:3 [


Innate Abilities, Weirdness & Mutations

You cannot wear most types of armour.
You are amphibious.
You can wear up to eight rings at the same time.
Your skin changes colour to match your surroundings (Stealth+).
Your rubbery body absorbs attacks. (AC +1, EV +1)
((You are camouflaged when in or above water. (Stealth+)))
You have tentacles for arms and can constrict up to eight enemies at once.


Message History

The orc priest is severely wounded.
The orc warrior barely misses you.
The orc priest calls down the wrath of Beogh upon you.
Beogh smites you!
* * * LOW HITPOINT WARNING * * *
You barely miss the orc warrior.
The orc warrior is heavily wounded.
The orc warrior hits you with a +0 trident!
* * * LOW HITPOINT WARNING * * *
The orc priest hits you with a +0 trident.
* * * LOW HITPOINT WARNING * * *
You hit the orc warrior. You freeze the orc warrior.
The orc warrior is severely wounded.
The orc warrior barely misses you. The orc priest closely misses you.
You hit the orc warrior. You freeze the orc warrior.
The orc warrior is almost dead.
The orc warrior closely misses you.
The orc priest calls down the wrath of Beogh upon you.
Pain shoots through your body!
* * * LOW HITPOINT WARNING * * *
You fade into invisibility!
The orc warrior closely misses you. The orc priest barely misses you.
The orc warrior hits you but does no damage.
The orc priest closely misses you.
You climb downwards.
There is a stone staircase leading up, spattered with blood here.
The orc warrior barely misses you. The orc priest closely misses you.
You climb upwards.
Your primal bloodlust is almost over.
There is a stone staircase leading down here.
Your transformation is almost over.
The orc warrior hits you from afar with a +0 trident.
* * * LOW HITPOINT WARNING * * *
Items here: ))) ÷.
Your primal bloodlust has ended.
You warm up again.
Your +2 dagger of draining unmelds from your body.
You sense an unholy aura.
The orc warrior hits you with a +0 trident!
You die...

###### #..........[.....>.......
#######.#...####.....#.......##
#.......#...# ##..#.#####...##
#.#######...# #...#.# ##.## #.#
#...# #...#.# #.# #.#
#...###.#.#.######.# ###.#
#.......#..........# #...#
###.#.#.#####.######## #...#
##...#.#.@.#...# #...#
##.###..###o#.### ##.####.##
##.###...# #.###.## ##.##..##
#.#...# #.##o.# #.#.#<####
##.##..# #.#.##.#.###.###..#
#†#.###...#......)##############
#.#.####...####..)>÷............


You could see an orc warrior (unable to see you) and an orc priest (wandering,
unable to see you).

Vanquished Creatures
  Sigmund (D:2)
  A steam dragon (D:5)
  2 water moccasins
  A black bear (D:5)
  An ogre (D:5)
  A centaur (D:5)
  A bullfrog (D:6)
  2 scorpions
  2 jellies (D:4)
  2 hounds
  A gnoll bouda (D:5)
  5 orc priests
  A sleepcap (D:5)
  An iguana (D:5)
  Natasha (D:3)
  4 orc wizards
  Terence (D:2)
  Robin (D:2)
  7 gnolls
  2 adders
  2 white imps (D:5)
  6 worms
  A dart slug (D:1)
  15 orcs
  7 ball pythons
  10 endoplasms
  2 giant cockroaches
  19 goblins
  11 hobgoblins
  2 jackals (D:3)
  3 quokkas
  7 bats
  7 frilled lizards
  4 kobolds
  4 rats (D:1)
138 creatures vanquished.

Notes
Turn   | Place    | Note
-------+----------+-------------------------------------------
     0 | D:1      | mandoloar the Octopode Transmuter began the quest for the
                  | Orb.
     0 | D:1      | Reached XP level 1. HP: 13/13 MP: 3/3
   134 | D:1      | Reached XP level 2. HP: 14/18 MP: 1/5
   153 | D:1      | Learned a level 2 spell: Wereblood
   697 | D:1      | Reached XP level 3. HP: 24/24 MP: 4/6
  1267 | D:2      | Reached skill level 3 in Transmutations
  1623 | D:2      | Noticed Terence
  1720 | D:2      | Noticed Robin
  1738 | D:2      | Killed Robin
  1739 | D:2      | Reached XP level 4. HP: 16/30 MP: 5/7
  1838 | D:2      | Learned a level 4 spell: Ice Form
  1893 | D:2      | Noticed Sigmund
  2327 | D:2      | Found an iron altar of Okawaru.
  2735 | D:2      | Killed Sigmund
  2736 | D:2      | Reached skill level 4 in Transmutations
  2736 | D:2      | Reached XP level 5. HP: 37/37 MP: 8/8
  2736 | D:2      | Reached XP level 6. HP: 43/43 MP: 9/9
  2859 | D:2      | Killed Terence
  2934 | D:3      | Found Yjank's Antique Armour Shop.
  3415 | D:3      | Noticed Natasha
  5025 | D:3      | Killed Natasha
  5026 | D:3      | Reached skill level 5 in Transmutations
  5133 | D:3      | Found a faded altar of an unknown god.
  5134 | D:3      | Found a hazy altar of Hepliaklqana.
  5490 | D:4      | Identified a scroll of acquirement
  5490 | D:4      | Acquired a book of Transfigurations
  5596 | D:3      | Reached XP level 7. HP: 45/49 MP: 10/10
  5885 | D:4      | Reached skill level 5 in Fighting
  6214 | D:4      | Found a radiant altar of Vehumet.
  6293 | D:4      | Found a white marble altar of Elyvilon.
  6293 | D:4      | Found an ancient bone altar of Kikubaaqudgha.
  6907 | D:4      | Learned a level 3 spell: Spider Form
  7147 | D:5      | Entered Level 5 of the Dungeon
  7155 | D:5      | Reached skill level 6 in Transmutations
  7676 | D:5      | Reached XP level 8. HP: 52/57 MP: 11/11
  8132 | D:5      | Found a staircase to the Ecumenical Temple.
  8148 | Temple   | Entered the Ecumenical Temple
  8196 | Temple   | Became a worshipper of Cheibriados the Contemplative
  8435 | D:5      | Reached skill level 7 in Transmutations
  9831 | D:5      | Reached skill level 8 in Transmutations
  9839 | D:5      | Reached XP level 9. HP: 44/66 MP: 12/12
 10057 | D:5      | HP: 2/79 [orc priest/nerve-wracking pain (10)]
 10063 | D:5      | HP: 2/79 [orc warrior/+0 trident (3)]
 10070 | D:5      | Mangled by an orc warrior

Illustrated notes

Levels and vault maps discovered:
D:1:      shiori_arrival_elements, layout_basic
D:2:      layout_basic, basic_altar, uniq_robin, uniq_sigmund, uniq_terence
D:3:      layout_basic, beargit_hepliaklqana_dungeon_heroes, serial_shops,
          nicolae_shop_hallway_stairs, amcnicky_mini_corridor_feature,
          uniq_natasha
D:4:      layout_basic, mainiacjoe_overflow_concentric_impassable,
          nicolae_overflow_two_pavilions, chequers_serial_rivers_micro_d,
          hex_intersection, minmay_puff
D:5:      layout_loops_ring, minmay_temple_entry_offerings
D:6:      layout_rooms, demons_altar
Temple:   bh_familiar_temple

Skill      XL: |  1  2  3  4  5  6  7  8 |
---------------+-------------------------+-----
Fighting       | 2 4 6 7 |  7.9
Transmutations | 3 4 5 6 8 |  8.1
Dodging        | |  2.0
Unarmed Combat | |  3.0
Spellcasting   | |  2.0

Action                     |  1- 3 |  4- 6 |  7- 9 || total
---------------------------+-------+-------+-------++-------
  Melee: Unarmed           |    78 |    89 |   170 ||   337
         Kick              |    22 |    32 |    18 ||    72
         Constrict         |    17 |    23 |     8 ||    48
         Punch             |     4 |     2 |     3 ||     9
         Tentacles         |     6 |    18 |     7 ||    31
         Dagger            |       |    20 |    22 ||    42
  Throw: Javelin           |     3 |     4 |    13 ||    20
         Dart              |       |       |     6 ||     6
   Cast: Beastly Appendage |    35 |    32 |    14 ||    81
         Wereblood         |       |     4 |     5 ||     9
         Ice Form          |       |     2 |    13 ||    15
         Spider Form       |       |       |    13 ||    13
Ability: End Transformatio |       |       |     1 ||     1
    Use: Scroll            |     4 |     5 |     4 ||    13
         Potion            |       |     1 |     2 ||     3
   Stab: Sleeping          |     5 |     6 |     2 ||    13
         Invisible         |       |       |     1 ||     1
 Armour: Skin              |     9 |     9 |    38 ||    56
  Dodge: Dodged            |    44 |    59 |   132 ||   235

Table legend: (Time is in decaauts)
 A = Elapsed time spent in this place.
 B = Non-inter-level travel time spent in this place.
 C = Inter-level travel time spent in this place.
 D = Time resting spent in this place.
 E = Time spent auto-exploring this place.
 F = Levels seen in this place.
 G = Mean time per level.
                   A        B        C        D        E       F      G
               +--------+--------+--------+--------+--------+-----+--------+
         Total |  10283 |   9698 |    585 |   3621 |   4550 |   7 | 1469.0 |
       Dungeon |  10042 |   9481 |    561 |   3621 |   4344 |   6 | 1673.7 |
        Temple |    240 |    216 |     24 |      0 |    205 |   1 |  240.0 |
               +--------+--------+--------+--------+--------+-----+--------+

Top non-repeatable levels by time:
     D:5: 2642 daAuts
     D:3: 2523 daAuts
     D:2: 1701 daAuts
     D:4: 1641 daAuts
     D:1: 1351 daAuts
  Temple: 240 daAuts
     D:6: 183 daAuts
